Map: [ESL] Oceanborn

Players

Astrea

  • Race: Protoss Protoss
  • Spawn Location: 5:00

MaSa - Winner!

  • Race: Terran Terran
  • Spawn Location: 11:00

Event: ESL SC2 Masters 2023 Winter (Regional)

VOD

Have the link to the VOD?

Description

Time

  • Played on: Nov. 4, 2023, 1:09 p.m.
  • Length: 5:17

All games in this series

Show
View Real Time Build Order
Export as new Build Order

Astrea Protoss 

Build Orders: 1 Gate Expand, Blink Stalkers 

Get SALT Encoding   

  12  0:00  Probe  
  13  0:12  Probe  
  14  0:17  Pylon  
  14  0:24  Probe (Chrono Boost)  
  15  0:37  Gateway, Probe (Chrono Boost)  
  16  0:44  Probe (Chrono Boost)  
  16  0:46  Assimilator  
  17  0:51  Probe  
  18  1:03  Probe  
  19  1:15  Probe  
  20  1:24  Cybernetics Core  
  20  1:32  Nexus  
  20  1:35  Probe  
  21  1:42  Pylon  
  21  1:47  Probe  
  21  1:49  Assimilator  
  22  1:59  Probe  
  23  2:04  Adept (Chrono Boost)  
  25  2:08  Warp Gate  
  25  2:11  Probe  
  25  2:15  Shield Battery  
  26  2:23  Probe  
  26  2:27  Adept  
  29  2:35  Probe  
  30  2:38  Twilight Council  
  30  2:48  Probe x2  
  32  2:53  Gateway  
  32  3:00  Probe x2  
  34  3:08  Blink (Chrono Boost)  
  34  3:12  Probe  
  35  3:15  Stalker  
  38  3:21  Shield Battery  
  38  3:23  Probe  
  38  3:27  Probe  
  38  3:33  Robotics Facility  
  39  3:35  Probe  
  39  3:41  Probe  
  41  3:47  Probe  
  42  3:48  Pylon  
  42  3:53  Probe  
  43  3:58  Stalker x2  
  43  3:59  Probe  
  44  4:05  Probe  
  45  4:12  Probe  
  46  4:17  Probe  
  46  4:18  Nexus  
  46  4:20  Observer (Chrono Boost)  
  46  4:23  Pylon  
  48  4:25  Stalker  
  48  4:27  Probe  
  48  4:29  Probe  
  52  4:33  Stalker  
  40  4:49  Stalker  
  35  4:57  Stalker  
  35  4:58  Probe  
  35  4:59  Probe  
  23  5:12  Stalker  
Show
View Real Time Build Order
Export as new Build Order

MaSa Terran - Winner!

Build Orders: 2 Factory, Cyclone Opening 

Get SALT Encoding   

  12  0:00  SCV  
  13  0:12  SCV  
  14  0:17  Supply Depot  
  14  0:24  SCV  
  15  0:38  SCV  
  15  0:39  Barracks  
  16  0:43  Refinery  
  16  0:49  Refinery  
  16  0:51  SCV  
  17  1:04  SCV  
  18  1:16  SCV  
  19  1:26  Reaper  
  19  1:28  Orbital Command  
  19  1:32  Supply Depot  
  20  1:43  Factory  
  20  1:54  SCV  
  21  2:03  Barracks Reactor  
  21  2:07  SCV  
  22  2:13  Factory  
  22  2:19  SCV  
  22  2:20  Supply Depot  
  23  2:31  SCV  
  24  2:43  SCV  
  25  2:50  Cyclone x2  
  29  2:55  SCV  
  29  2:58  Barracks Reactor, Cyclone  
  32  3:05  Supply Depot  
  32  3:07  SCV  
  33  3:19  SCV  
  34  3:22  Cyclone x2  
  38  3:28  Supply Depot  
  38  3:39  Cyclone x2  
  42  3:41  Supply Depot  
  42  3:54  Cyclone  
  43  3:57  Cyclone  
  45  4:11  Cyclone  
  45  4:12  Cyclone  
  49  4:26  Cyclone  
  49  4:38  Cyclone  
Tags
 
Add a new tag
Caveats
  • Supply blocks, unpowered buildings, or Contaminate may cause inaccurate times.
  • Supply counts are checked every 10 seconds.